 Dungeon Crawl Stone Soup version 0.28-a0-695-gff097466f2 (webtiles) character file.

Game seed: 549265172820115424

195 kae the Ruffian (level 5, -3/42 HPs)
             Began as a Draconian Transmuter on Oct 22, 2021.
             Slain by a gnoll (8 damage)
             ... on level 4 of the Dungeon.
             The game lasted 00:02:15 (3354 turns).

kae the Ruffian (Draconian Transmuter)              Turns: 3354, Time: 00:02:15

Health: -3/42      AC:  2    Str: 13    XL:     5   Next: 45%
Magic:  3/8        EV: 19    Int: 14    God:
Gold:   90         SH:  0    Dex: 16    Spells: 4/8 levels left

rFire   . . .      SeeInvis .     - Unarmed
rCold   . . .      Faith    .   (shield currently unavailable)
rNeg    . . .      Spirit   .   (armour unavailable)
rPois   x          Reflect  .   (helmet currently unavailable)
rElec   .          Harm     .   (cloak currently unavailable)
rCorr   .          Rampage  .   (gloves currently unavailable)
Will    .....                   (boots currently unavailable)
Stlth   +.........              (no amulet)
HPRegen 0.14/turn               (no ring)
MPRegen 0.11/turn               (no ring)

@: spider-form (expiring)
A: venomous fangs, AC +5, tiny, unfitting armour, (cold-blooded)
a: End Transformation


You were on level 4 of the Dungeon.
You were a venomous arachnid creature.
You visited 1 branch of the dungeon, and saw 4 of its levels.

You collected 90 gold pieces.

Inventory:

Jewellery
 c - an amulet of the acrobat
Scrolls
 a - a scroll of vulnerability {unknown}
Potions
 b - a potion of heal wounds


   Skills:
 + Level 2.6 Fighting
 - Level 1.7 Dodging
 * Level 4.4 Unarmed Combat
 - Level 2.0 Spellcasting
 * Level 3.6 Transmutations
 * Level 1.5 Poison Magic


You had 4 spell levels left.
You knew the following spells:

 Your Spells              Type           Power      Damage    Failure   Level
a - Beastly Appendage     Tmut           22%        N/A       16%         1
b - Spider Form           Tmut/Pois      4%         N/A       45%         3

Your spell library contained the following spells:

 Spells                   Type           Power      Damage    Failure   Level
 Wereblood                Tmut           11%        N/A       22%         2
 Shock                    Conj/Air       4%         1d3       45%         1
 Summon Small Mammal      Summ           4%         N/A       45%         1
 Ignite Poison            Fire/Tmut/Pois 6%         N/A       56%         3
 Mephitic Cloud           Conj/Pois/Air  2%         N/A       71%         3
 Call Canine Familiar     Summ           1%         N/A       77%         3
 Summon Guardian Golem    Hex/Summ       1%         N/A       77%         3
 Swiftness                Air            1%         N/A       77%         3
 Ice Form                 Ice/Tmut       6%         N/A       89%         4
 Airstrike                Air            0%         N/A       98%         4
 Freezing Cloud           Conj/Ice/Air   0%         6-21      100%        5


Dungeon Overview and Level Annotations

Branches:
Dungeon (4/15)
 Temple: D:4-7

Altars:


Innate Abilities, Weirdness & Mutations

You are a venomous arachnid creature.
You have poisonous fangs.
You are tiny and dextrous.
Your spellcasting is less reliable in this form.
Your armour is entirely melded.
You are incapable of wielding weapons or throwing items.
((Your plain brown scales are hard. (AC +5)))
You cannot fit into any form of body armour.
((You are cold-blooded and may be slowed by cold attacks.))


Message History

The gnoll shouts! x2
You hit the gnoll shaman.
The gnoll shaman is poisoned.
The gnoll shaman is moderately wounded.
The gnoll shaman completely misses you.
You barely miss the gnoll shaman.
The gnoll shaman is moderately wounded.
The gnoll closely misses you. The gnoll shaman misses you.
You hit the gnoll shaman.
The gnoll shaman looks as sick as possible!
The gnoll shaman is severely wounded.
The gnoll completely misses you. The gnoll shaman misses you.
You hit the gnoll shaman but do no damage.
The gnoll shaman looks as sick as possible!
The gnoll shaman is almost dead.
You kill the gnoll shaman!
The gnoll hits you from afar with a +0 spear.
The gnoll closely misses you. The gnoll barely misses you.
You hit the gnoll but do no damage.
Your transformation is almost over.
The gnoll misses you. The gnoll hits you with a +0 spear.
The gnoll hits you from afar with a +0 spear.
You hit the gnoll.
The gnoll is poisoned.
The gnoll is moderately wounded.
The gnoll hits you with a +0 flail! The gnoll closely misses you.
You bite the gnoll!
You kill the gnoll!
The gnoll misses you. The gnoll completely misses you.
There is a stone staircase leading up here.
The gnoll closely misses you. The gnoll hits you with a +0 flail.
Things that are here:
a +0 whip; a +0 robe; a gnoll corpse You hit the gnoll but do no damage.
The gnoll is poisoned.
The gnoll hits you from afar with a +0 spear.
* * * LOW HITPOINT WARNING * * *
The gnoll closely misses you. The gnoll misses you.
The gnoll hits you with a +0 flail!
* * * LOW HITPOINT WARNING * * *
There is a stone staircase leading up here.
The gnoll hits you from afar with a +0 spear!
You die...

........>........###..
#....................
#.................#
#.................#
#.รท..>.........#..#
#.<............#..#
##.............#.g#
#...)........##...
##.sg)....>..# .g..
##..g........##.ggg
###.........# .g..
###........#
###........ #........
#...... ....


You could see 2 gnolls.

Vanquished Creatures
  Jessica (D:3)
  A gnoll shaman (D:4)
  Robin (D:3)
  3 adders (D:2)
  2 gnolls
  A worm (D:3)
  7 orcs (D:3)
  7 endoplasms
  4 giant cockroaches
  12 goblins
  9 hobgoblins
  4 jackals (D:1)
  6 kobolds
  3 quokkas
  7 ball pythons
  2 bats (D:2)
  2 frilled lizards
  2 rats (D:1)
  4 toadstools (D:1)
78 creatures vanquished.

Notes
Turn   | Place    | Note
-------+----------+-------------------------------------------
     0 | D:1      | kae the Draconian Transmuter began the quest for the Orb.
     0 | D:1      | Reached XP level 1. HP: 16/16 MP: 3/3
   189 | D:1      | Reached XP level 2. HP: 23/23 MP: 3/5
   839 | D:2      | Reached XP level 3. HP: 29/29 MP: 4/6
  1475 | D:2      | Found a faded altar of an unknown god.
  1924 | D:3      | Reached XP level 4. HP: 36/36 MP: 5/7
  1931 | D:3      | Learned a level 3 spell: Spider Form
  1961 | D:3      | Reached skill level 4 in Unarmed Combat
  2111 | D:3      | Noticed Robin
  2478 | D:3      | Noticed Jessica
  2503 | D:3      | Killed Robin
  2508 | D:3      | Killed Jessica
  2509 | D:3      | Reached skill level 1 in Poison Magic
  2509 | D:3      | Reached XP level 5. HP: 36/42 MP: 5/8
  3354 | D:4      | Slain by a gnoll

Illustrated notes

Levels and vault maps discovered:
D:1:      ldierk_water_garden, layout_rooms, minmay_tetromino_s2
D:2:      layout_basic, shapermc_ecumenical_altar_mp_highgroup,
          grunt_ministairs_3
D:3:      layout_basic, grunt_decor_cap, st_stairs_1, uniq_jessica, uniq_robin
D:4:      layout_cave_pods, nicolae_ossuary_entry_monument

Skill      XL: |  1  2  3  4 |
---------------+-------------+-----
Fighting       | 2 |  2.6
Transmutations | 3 |  3.6
Unarmed Combat | 4 |  4.4
Poison Magic   | 1 |  1.5
Dodging        | |  1.7
Spellcasting   | |  2.0

Action                   |  1- 3 |  4- 6 || total
-------------------------+-------+-------++-------
Melee: Unarmed           |    99 |    72 ||   171
       Kick              |    21 |     5 ||    26
       Headbutt          |    12 |     7 ||    19
       Tailslap          |     6 |     1 ||     7
       Punch             |     1 |     1 ||     2
 Cast: Beastly Appendage |    20 |    10 ||    30
       Spider Form       |       |     7 ||     7
  Use: Potion            |       |     2 ||     2
       Scroll            |       |     1 ||     1
Armor: Skin              |    25 |    24 ||    49
Dodge: Dodged            |    54 |    81 ||   135

Table legend: (Time is in decaauts)
 A = Elapsed time spent in this place.
 B = Non-inter-level travel time spent in this place.
 C = Inter-level travel time spent in this place.
 D = Time resting spent in this place.
 E = Time spent auto-exploring this place.
 F = Levels seen in this place.
 G = Mean time per level.
                   A        B        C        D        E       F      G
               +--------+--------+--------+--------+--------+-----+--------+
         Total |   3346 |   3291 |     55 |    172 |   2611 |   4 |  836.5 |
       Dungeon |   3346 |   3291 |     55 |    172 |   2611 |   4 |  836.5 |
               +--------+--------+--------+--------+--------+-----+--------+

Top non-repeatable levels by time:
     D:3: 1365 daAuts
     D:2: 1174 daAuts
     D:1: 739 daAuts
     D:4: 66 daAuts
